3AA
MARQUETTE MINERS @ DURHAM RAPIERS
07/26/2038
 
TOP OF THE 1ST
Marquette Miners batting - Pitching for Durham Rapiers : RHP César Morales
Pitching: RHP César Morales
Batting: LHB Leslie Small 0-0: Ball
1-0: Called Strike
1-1: Ball
2-1: Foul Ball, location: 2F
2-2: Foul Ball, location: 2F
2-2: Strikes out swinging
Batting: SHB Reginald Gibson 0-0: Called Strike
0-1: Fly out, F5 (Line Drive, 5, EV 71.2 MPH)
Batting: RHB Jorge Japón 0-0: Ball
1-0: Swinging Strike
1-1: Ball
2-1: Ball
3-1: SINGLE (Groundball, 6MD, EV 99.4 MPH)
Batting: SHB Ángel García 0-0: Ground out 1-3 (Groundball, 13S, EV 65.0 MPH)
Top of the 1st over - 0 runs, 1 hit, 0 errors, 1 left on base; Marquette 0 - Durham 0
BOTTOM OF THE 1ST
Durham Rapiers batting - Pitching for Marquette Miners : RHP Harry Fuller
Pitching: RHP Harry Fuller
Batting: RHB Kevin Bates 0-0: DOUBLE (Groundball, 3L, EV 102.5 MPH)
Batting: RHB Huai-yi Yang 0-0: Ground out 5-3 (Groundball, 56S, EV 80.0 MPH)
Batting: SHB John Wilder 0-0: Swinging Strike
0-1: Ball
1-1: Ball
2-1: Called Strike
2-2: Foul Ball, location: 2F
2-2: Strikes out looking
Batting: RHB Bearooz Yacoobi 0-0: Fly out, F9 (Flyball, 89M, EV 90.0 MPH)
Bottom of the 1st over - 0 runs, 1 hit, 0 errors, 1 left on base; Marquette 0 - Durham 0
TOP OF THE 2ND
Marquette Miners batting - Pitching for Durham Rapiers : RHP César Morales
Batting: LHB Snow Wang 0-0: Ball
1-0: Called Strike
1-1: Called Strike
1-2: Strikes out swinging
Batting: RHB Samuel Barlow 0-0: Ball
1-0: Foul Ball, location: 2F
1-1: Ball
2-1: Fly out, F7 (Flyball, 7D, EV 101.9 MPH)
Batting: RHB Jesús Méndez 0-0: Ball
1-0: Called Strike
1-1: Ball
2-1: Fly out, F4 (Popup, 4S, EV 80.0 MPH)
Top of the 2nd over - 0 runs, 0 hits, 0 errors, 0 left on base; Marquette 0 - Durham 0
BOTTOM OF THE 2ND
Durham Rapiers batting - Pitching for Marquette Miners : RHP Harry Fuller
Batting: RHB Marvin Strickland 0-0: Called Strike
0-1: Ball
1-1: Ball
2-1: Fly out, F6 (Popup, 4MD, EV 63.8 MPH)
Batting: SHB Rafael González 0-0: Called Strike
0-1: Ball
1-1: Foul Ball, location: 2F
1-2: Strikes out looking
Batting: SHB Tekkan Hayagawa 0-0: Called Strike
0-1: Ball
1-1: Foul Ball, location: 2F
1-2: Ball
2-2: Foul Ball, location: 2F
2-2: Ground out U3 (Groundball, 3, EV 83.8 MPH)
Bottom of the 2nd over - 0 runs, 0 hits, 0 errors, 0 left on base; Marquette 0 - Durham 0
TOP OF THE 3RD
Marquette Miners batting - Pitching for Durham Rapiers : RHP César Morales
Batting: RHB Luis Marín 0-0: Ground out 1-3 (Groundball, P, EV 75.0 MPH)
Batting: SHB Carl Saunders 0-0: Called Strike
0-1: Ball
1-1: Foul Ball, location: 2F
1-2: Foul Ball, location: 2F
1-2: Ball
2-2: Fly out, F7 (Line Drive, 7, EV 98.1 MPH)
Batting: LHB Leslie Small 0-0: Called Strike
0-1: Foul Ball, location: 2F
0-2: Ball
1-2: Ground out 4-3 (Groundball, 4, EV 89.4 MPH)
Top of the 3rd over - 0 runs, 0 hits, 0 errors, 0 left on base; Marquette 0 - Durham 0
BOTTOM OF THE 3RD
Durham Rapiers batting - Pitching for Marquette Miners : RHP Harry Fuller
Batting: RHB Kiyohira Kan 0-0: Ball
1-0: Ball
2-0: SOLO HOME RUN (Flyball, 7D, EV 100.0 MPH), Distance : 389 ft
Batting: RHB Brandon Palmer 0-0: Ball
1-0: Ball
2-0: Called Strike
2-1: Foul Ball, location: 2F
2-2: Foul Ball, location: 2F
2-2: Ground out 5-3 (Groundball, 56S, EV 67.5 MPH)
Batting: RHB Kevin Bates 0-0: Swinging Strike
0-1: Swinging Strike
0-2: Ball
1-2: SINGLE (Flyball, 9S, EV 87.5 MPH)
Batting: RHB Huai-yi Yang 0-0: Called Strike
0-1: Fielders Choice at 2nd, 5-4 (Groundball, 56, EV 85.0 MPH)
Batting: SHB John Wilder 0-0: Called Strike
Huai-yi Yang is caught stealing 2nd base 2-6
Bottom of the 3rd over - 1 run, 2 hits, 0 errors, 0 left on base; Marquette 0 - Durham 1
TOP OF THE 4TH
Marquette Miners batting - Pitching for Durham Rapiers : RHP César Morales
Batting: SHB Reginald Gibson 0-0: Called Strike
0-1: Ball
1-1: Fly out, F8 (Flyball, 8LD, EV 76.2 MPH)
Batting: RHB Jorge Japón 0-0: Ball
1-0: Ball
2-0: Ground out 6-3 (Groundball, 6, EV 93.8 MPH)
Batting: SHB Ángel García 0-0: Swinging Strike
0-1: SINGLE (Groundball, 6D, EV 98.8 MPH)
Batting: LHB Snow Wang 0-0: Called Strike
0-1: Ball
1-1: Ball
2-1: Foul Ball, location: 2F
2-2: Ball
3-2: Fly out, F6 (Popup, 6, EV 64.4 MPH)
Top of the 4th over - 0 runs, 1 hit, 0 errors, 1 left on base; Marquette 0 - Durham 1
BOTTOM OF THE 4TH
Durham Rapiers batting - Pitching for Marquette Miners : RHP Harry Fuller
Batting: SHB John Wilder 0-0: Called Strike
0-1: Ground out 4-3 (Groundball, 34, EV 94.4 MPH)
Batting: RHB Bearooz Yacoobi 0-0: TRIPLE (Flyball, 89XD, EV 110.0 MPH)
Batting: RHB Marvin Strickland 0-0: Ball
1-0: Called Strike
1-1: Ball
2-1: Ball
3-1: Base on Balls
Batting: SHB Rafael González 0-0: Called Strike
0-1: SINGLE (Groundball, 34D, EV 97.5 MPH)
Bearooz Yacoobi scores
Marvin Strickland to second
Runner from 2nd tries for 3rd, SAFE, no throw by RF
Batting: SHB Tekkan Hayagawa 0-0: Called Strike
0-1: Called Strike
0-2: Reached on error, E6 (Groundball, 6M, EV 83.8 MPH)
Marvin Strickland scores
Rafael González to second
Batting: RHB Kiyohira Kan 0-0: Foul Ball, location: 2F
0-1: Fly out, F7 (Flyball, 7D, EV 98.8 MPH)
Batting: RHB Brandon Palmer 0-0: Swinging Strike
0-1: 3-RUN HOME RUN (Flyball, 78XD, EV 106.2 MPH), Distance : 417 ft
Batting: RHB Kevin Bates 0-0: Called Strike
0-1: Fly out, F2 (Popup, 25F, EV 85.0 MPH)
Bottom of the 4th over - 5 runs, 3 hits, 1 error, 0 left on base; Marquette 0 - Durham 6
TOP OF THE 5TH
Marquette Miners batting - Pitching for Durham Rapiers : RHP César Morales
Batting: RHB Samuel Barlow 0-0: Called Strike
0-1: Foul Ball, location: 2F
0-2: Ball
1-2: Foul Ball, location: 2F
1-2: Ball
2-2: Strikes out swinging
Batting: RHB Jesús Méndez 0-0: SINGLE (Line Drive, 34D, EV 101.2 MPH)
Batting: RHB Luis Marín 0-0: Swinging Strike
0-1: Ball
1-1: Ball
2-1: Foul Ball, location: 2F
2-2: Ball
3-2: Strikes out swinging
Batting: SHB Carl Saunders 0-0: Ball
1-0: Called Strike
1-1: Foul Ball, location: 2F
1-2: Ball
2-2: Strikes out swinging
Top of the 5th over - 0 runs, 1 hit, 0 errors, 1 left on base; Marquette 0 - Durham 6
BOTTOM OF THE 5TH
Durham Rapiers batting - Pitching for Marquette Miners : RHP Harry Fuller
Batting: RHB Huai-yi Yang 0-0: Ground out 6-3 (Groundball, 6S, EV 90.0 MPH)
Batting: SHB John Wilder 0-0: Called Strike
0-1: Foul Ball, location: 2F
0-2: Ball
1-2: Ball
2-2: Foul Ball, location: 2F
2-2: SOLO HOME RUN (Flyball, 89XD, EV 88.8 MPH), Distance : 404 ft
Pitching: RHP Nate Jones
Batting: RHB Bearooz Yacoobi 0-0: Ball
1-0: Ball
2-0: Ball
3-0: Base on Balls
Batting: RHB Marvin Strickland 0-0: Called Strike
0-1: Called Strike
0-2: Ball
1-2: Ball
2-2: Ball
3-2: Fly out, F8 (Flyball, 8RXD, EV 94.4 MPH)
Batting: SHB Rafael González 0-0: Ball
1-0: Ball
2-0: Foul Ball, location: 2F
2-1: Ball
3-1: Base on Balls
Bearooz Yacoobi to second
Batting: SHB Tekkan Hayagawa 0-0: Called Strike
0-1: Foul Ball, location: 2F
0-2: Strikes out swinging
Bottom of the 5th over - 1 run, 1 hit, 0 errors, 2 left on base; Marquette 0 - Durham 7
TOP OF THE 6TH
Marquette Miners batting - Pitching for Durham Rapiers : RHP César Morales
Batting: LHB Leslie Small 0-0: Foul Ball, location: 2F
0-1: Called Strike
0-2: Strikes out swinging
Batting: SHB Reginald Gibson 0-0: Ball
1-0: SOLO HOME RUN (Line Drive, 9LD, EV 107.5 MPH), Distance : 341 ft
Batting: RHB Jorge Japón 0-0: Ball
1-0: Foul Ball, location: 2F
1-1: Ball
2-1: Foul Ball, location: 2F
2-2: SINGLE (Line Drive, 89M, EV 100.0 MPH)
Batting: SHB Ángel García 0-0: Ball
1-0: Ball
2-0: Ball
3-0: Base on Balls
Jorge Japón to second
Batting: LHB Snow Wang 0-0: Fly out, F9 (Flyball, 89M, EV 93.8 MPH)
Batting: RHB Samuel Barlow 0-0: Called Strike
0-1: Ball
1-1: Ball
Wild Pitch!
Jorge Japón to third
Ángel García to second
2-1: Ball
3-1: Foul Ball, location: 2F
3-2: Foul Ball, location: 2F
3-2: Base on Balls
Batting: RHB Jesús Méndez 0-0: Called Strike
0-1: Ball
1-1: GRAND SLAM HOME RUN (Flyball, 7D, EV 103.1 MPH), Distance : 372 ft
Pitching: LHP Valentyn Hochmiller
Batting: RHB Luis Marín 0-0: Called Strike
0-1: Swinging Strike
0-2: Ball
1-2: Foul Ball, location: 2F
1-2: Foul Ball, location: 2F
1-2: Ball
2-2: Strikes out swinging
Top of the 6th over - 5 runs, 3 hits, 0 errors, 0 left on base; Marquette 5 - Durham 7
BOTTOM OF THE 6TH
Durham Rapiers batting - Pitching for Marquette Miners : RHP Nate Jones
Batting: RHB Kiyohira Kan 0-0: Called Strike
0-1: Foul Ball, location: 2F
0-2: Ball
1-2: Strikes out swinging
Batting: RHB Brandon Palmer 0-0: Called Strike
0-1: Ground out 5-3 (Groundball, 56, EV 81.2 MPH)
Batting: RHB Kevin Bates 0-0: Called Strike
0-1: Ball
1-1: Ball
2-1: Fly out, F8 (Flyball, 8RD, EV 91.9 MPH)
Bottom of the 6th over - 0 runs, 0 hits, 0 errors, 0 left on base; Marquette 5 - Durham 7
TOP OF THE 7TH
Marquette Miners batting - Pitching for Durham Rapiers : LHP Valentyn Hochmiller
Batting: SHB Carl Saunders 0-0: Foul Ball, location: 2F
0-1: Foul Ball, location: 2F
0-2: Ball
1-2: Foul Ball, location: 2F
1-2: Fly out, F7 (Line Drive, 7, EV 109.4 MPH)
Batting: LHB Leslie Small 0-0: Ball
1-0: Ball
2-0: Ball
3-0: Base on Balls
Batting: SHB Reginald Gibson 0-0: Ball
1-0: Foul Ball, location: 2F
1-1: Foul Ball, location: 2F
1-2: Foul Ball, location: 2F
1-2: Fly out, F8 (Line Drive, 8RD, EV 96.2 MPH)
Batting: RHB Jorge Japón 0-0: Called Strike
0-1: Fielders Choice at 2nd, 5-4 (Groundball, 5, EV 88.8 MPH)
Top of the 7th over - 0 runs, 0 hits, 0 errors, 1 left on base; Marquette 5 - Durham 7
BOTTOM OF THE 7TH
Durham Rapiers batting - Pitching for Marquette Miners : RHP Nate Jones
Batting: RHB Huai-yi Yang 0-0: Called Strike
0-1: Called Strike
0-2: Ball
1-2: Foul Ball, location: 2F
1-2: Foul Ball, location: 2F
1-2: Ball
2-2: Ball
3-2: Base on Balls
Batting: SHB John Wilder 0-0: Called Strike
0-1: Called Strike
0-2: Foul Ball, location: 2F
0-2: Foul Ball, location: 2F
0-2: Ball
1-2: Foul Ball, location: 2F
1-2: Ball
2-2: Foul Ball, location: 2F
2-2: Ball
3-2: Foul Ball, location: 2F
3-2: Fly out, F7 (Flyball, 7S, EV 81.2 MPH)
Batting: RHB Bearooz Yacoobi 0-0: SINGLE (Line Drive, 6D, EV 96.9 MPH)
Huai-yi Yang to second
Pitching: RHP Fernando Colón
Batting: RHB Marvin Strickland 0-0: Fly out, F7 (Flyball, 78S, EV 89.4 MPH)
Batting: SHB Rafael González 0-0: Foul Ball, location: 2F
0-1: Foul Ball, location: 2F
0-2: Ball
1-2: Ground out 5-3 (Groundball, 6S, EV 82.5 MPH)
Bottom of the 7th over - 0 runs, 1 hit, 0 errors, 2 left on base; Marquette 5 - Durham 7
TOP OF THE 8TH
Marquette Miners batting - Pitching for Durham Rapiers : LHP Valentyn Hochmiller
Batting: SHB Ángel García 0-0: Swinging Strike
0-1: Called Strike
0-2: Ball
1-2: Strikes out swinging
Batting: LHB Snow Wang 0-0: Ball
1-0: Foul Ball, location: 2F
1-1: Foul Ball, location: 2F
1-2: Ball
2-2: Ground out 5-3 (Groundball, 5L, EV 83.1 MPH)
Batting: RHB Samuel Barlow 0-0: Ball
1-0: Ball
2-0: Called Strike
2-1: SINGLE (Groundball, 34D, EV 102.5 MPH)
Batting: RHB Jesús Méndez 0-0: Ball
1-0: Ball
2-0: Foul Ball, location: 2F
2-1: Foul Ball, location: 2F
2-2: Ball
3-2: Strikes out swinging
Top of the 8th over - 0 runs, 1 hit, 0 errors, 1 left on base; Marquette 5 - Durham 7
BOTTOM OF THE 8TH
Durham Rapiers batting - Pitching for Marquette Miners : RHP Fernando Colón
Batting: SHB Tekkan Hayagawa 0-0: Called Strike
0-1: Ball
1-1: Foul Ball, location: 2F
1-2: Foul Ball, location: 2F
1-2: Ball
2-2: Foul Ball, location: 2F
2-2: Ball
3-2: Base on Balls
Batting: RHB Kiyohira Kan 0-0: Sac Bunt to 23 - play at first, batter OUT! 3-4
Tekkan Hayagawa to second
Batting: RHB Brandon Palmer 0-0: Ball
1-0: Ball
2-0: Foul Ball, location: 2F
2-1: Called Strike
2-2: Ball
3-2: Base on Balls
Batting: RHB Kevin Bates 0-0: Ball
1-0: Foul Ball, location: 2F
1-1: DOUBLE (Line Drive, 3D, EV 98.8 MPH)
Tekkan Hayagawa scores
Brandon Palmer to third
Batting: RHB Huai-yi Yang 0-0: Called Strike
0-1: Ball
1-1: Ball
2-1: Swinging Strike
2-2: Strikes out swinging
Batting: SHB John Wilder 0-0: Foul Ball, location: 2F
0-1: Ball
1-1: Fly out, F8 (Flyball, 8LS, EV 91.2 MPH)
Bottom of the 8th over - 1 run, 1 hit, 0 errors, 2 left on base; Marquette 5 - Durham 8
TOP OF THE 9TH
Marquette Miners batting - Pitching for Durham Rapiers : LHP Valentyn Hochmiller
Pitching: LHP Curt Moore
Batting: RHB Luis Marín 0-0: Foul Ball, location: 2F
0-1: Ball
1-1: Ball
2-1: Swinging Strike
2-2: Ball
3-2: Fly out, F8 (Flyball, 8RS, EV 91.2 MPH)
Batting: SHB Carl Saunders 0-0: Ball
1-0: SOLO HOME RUN (Flyball, 7D, EV 88.8 MPH), Distance : 374 ft
Batting: LHB Leslie Small 0-0: Ball
1-0: Foul Ball, location: 2F
1-1: Called Strike
1-2: Strikes out swinging
Batting: SHB Reginald Gibson 0-0: Ball
1-0: Fly out, F9 (Flyball, 9S, EV 87.5 MPH)
Top of the 9th over - 1 run, 1 hit, 0 errors, 0 left on base; Marquette 6 - Durham 8
Friday, April 17th, 2020 - OOTP Baseball 20.8 Build 74